 Dungeon Crawl Stone Soup version 0.18.1-6-gd335043 (webtiles) character file.

421 st0uf the Cudgeler (level 6, -8/79 HPs)
             Began as a Draconian Berserker on May 15, 2016.
             Was a Believer of Trog.
             Killed by divine providence
             ... invoked by an orc priest
              (16 damage)
             ... on level 4 of the Dungeon.
             The game lasted 00:10:12 (3162 turns).

st0uf the Cudgeler (Draconian Berserker)            Turns: 3162, Time: 00:10:15

Health: -8/79      AC: 10    Str: 27    XL:     6   Next: 62%
Magic:  6/6        EV: 13    Int:  7    God:    Trog [**....]
Gold:   190        SH:  0    Dex: 10    Spells: 0 memorised, 5 levels left

rFire  . . .     SeeInvis +     h - +2 whip (elec)
rCold  . . .     Gourm    .     (armour unavailable)
rNeg   . . .     Faith    .     (no shield)
rPois  .         Spirit   .     (helmet restricted)
rElec  .         Dismiss  .     (no cloak)
rCorr  .         Reflect  .     p - +0 pair of gloves
SustAt .         Harm     .     x - +2 pair of boots {Stlth+}
MR     ++...                    (no amulet)
Stlth  ..........               (no ring)
                                j - ring of see invisible

@: berserking, regenerating, very quick, very resistant to hostile enchantments,
extremely unstealthy
A: unfitting armour, cold-blooded, AC +6
a: Berserk, Trog's Hand, Burn Spellbooks, Renounce Religion


You were on level 4 of the Dungeon.
You worshipped Trog.
Trog was pleased with you.
You were not hungry.

You visited 1 branch of the dungeon, and saw 4 of its levels.

You collected 190 gold pieces.

Inventory:

Hand Weapons
 a - a +0 mace
 h - a +2 whip of electrocution (weapon)
Missiles
 t - 15 poisoned needles
 C - 5 needles of sleeping
Armour
 p - a +0 pair of gloves (worn)
 x - a +2 pair of boots of stealth (worn)
Jewellery
 j - a ring of see invisible (left hand)
Scrolls
 c - 2 scrolls of amnesia {unknown}
 d - 2 scrolls of enchant armour {unknown}
 k - 2 scrolls of teleportation {unknown}
 l - 5 scrolls of identify {unknown}
 n - a scroll of enchant weapon {unknown}
 o - a scroll of remove curse {unknown}
 q - a scroll of fog {unknown}
 w - a scroll of immolation {unknown}
 z - a scroll of recharging {unknown}
Potions
 e - 4 potions of curing {unknown}
 g - 2 potions of invisibility {unknown}
 i - 2 potions of agility {unknown}
 m - a potion of mutation {unknown}
 r - a potion of degeneration {unknown}
 s - a potion of heal wounds {unknown}
 v - a potion of brilliance {unknown}
 A - 2 potions of cancellation {unknown}
 B - a potion of might {unknown}
Books
 y - a book of Envenomations

   Spells                             Type                      Level
   a - Spider Form                    Transmutation/Poison         3
   b - Olgreb's Toxic Radiance        Poison                       4
   c - Alistair's Intoxication        Transmutation/Poison         5
   d - Poisonous Cloud                Conjuration/Poison/Air       6
   Trog disapproves of the use of such an item.
Comestibles
 b - 2 bread rations
 f - 2 meat rations
 u - 2 beef jerkies


   Skills:
 + Level 4.7 Fighting
 + Level 4.8 Maces & Flails
 + Level 4.6 Dodging
 + Level 2.0 Stealth


You had 5 spell levels left.
You didn't know any spells.

Dungeon Overview and Level Annotations

Branches:
Dungeon (4/15)
 Temple: D:4-7

Altars:
Dithmenos
Nemelex Xobeh


Innate Abilities, Weirdness & Mutations

Your plain brown scales are hard (AC +6).
Your body does not fit into most forms of armour.
You are cold-blooded and may be slowed by cold attacks.


Message History

You closely miss the orc priest.
The orc priest is heavily wounded.
The orc barely misses you.
The orc priest hits you but does no damage.
The orc misses you.
The orc priest calls down the wrath of Beogh upon you.
Beogh smites you!
* * * LOW HITPOINT WARNING * * *
You whack the orc priest!
You kill the orc priest!
Trog accepts your kill.
Your Stealth skill increases to level 2!
The orc wizard hits you but does no damage.
You whack the orc priest!
You tail-slap the orc priest, but do no damage.
The orc priest is heavily wounded.
The orc closely misses you. The orc barely misses you.
The orc priest mumbles some strange prayers to Beogh against you.
Beogh smites you!
You die...

##...# ###....#
####......#
###.
#.........#
....
#.........#
....
#.........##
.... .#
#..........#
... ...#
##..o?oo....##
## ....#
#...>@o###)..##
#
#...###......#
##...##
#...........##
##((.##
##...........#
##o..## #
##..........#
##)..# ##
#.....###...#
##o..# .#
#.....# ##...
#o...# .###
#.....## #...
#....# #..##
##......# #..
.....#


You could see an orc priest, an orc wizard (invisible) and 2 orcs.

Vanquished Creatures
  Duvessa (D:4)
  Dowan (D:4)
  A giant frog skeleton (D:4)
  2 orc priests
  Jessica (D:3)
  2 orc wizards
  2 adders
  2 oozes
  3 worms (D:3)
  2 dart slugs
  A giant gecko (D:3)
  10 orcs
  3 giant cockroaches
  5 goblins
  6 hobgoblins
  2 quokkas
  3 bats (D:2)
  4 giant newts
  3 kobolds
  A quokka skeleton (D:4)
  7 rats
62 creatures vanquished.

Notes
Turn   | Place    | Note
--------------------------------------------------------------
     0 | D:1      | st0uf the Draconian Berserker began the quest for the Orb.
     0 | D:1      | Reached XP level 1. HP: 19/19 MP: 1/1
   118 | D:1      | Found a sparkling altar of Nemelex Xobeh.
   345 | D:1      | Reached XP level 2. HP: 26/26 MP: 2/2
  1204 | D:2      | Reached XP level 3. HP: 23/31 MP: 3/3
  1293 | D:2      | Found a shadowy altar of Dithmenos.
  1608 | D:2      | Reached ** piety under Trog
  2062 | D:3      | Reached XP level 4. HP: 40/40 MP: 4/4
  2562 | D:3      | Reached XP level 5. HP: 46/46 MP: 5/5
  2820 | D:3      | Noticed Jessica
  2825 | D:3      | Killed Jessica
  2825 | D:3      | Reached skill level 1 in Stealth
  2975 | D:4      | Noticed Duvessa
  2975 | D:4      | Noticed Dowan
  2986 | D:4      | Killed Duvessa
  2986 | D:4      | Reached XP level 6. HP: 53/53 MP: 6/6
  2994 | D:4      | Killed Dowan
  3162 | D:4      | Killed from afar by an orc priest

Skill      XL: |  1  2  3  4  5  6 |
---------------+-------------------+-----
Dodging        | 3 4 |  4.6
Fighting       | 4 |  4.7
Maces & Flails | 4 |  4.8
Stealth        | 1 2 |  2.0

Action                   |  1- 3 |  4- 6 || total
-------------------------+-------+-------++-------
Melee: Mace              |    34 |       ||    34
       Tailslap          |     5 |     8 ||    13
       Whip              |    42 |    82 ||   124
Invok: Berserk           |       |     2 ||     2
       Trog's Hand       |       |     1 ||     1
  Eat: Chunk             |     3 |     5 ||     8
Armor: Skin              |    14 |    25 ||    39
Dodge: Dodged            |    45 |    35 ||    80
